 Dungeon Crawl Stone Soup version 0.23.2 (webtiles) character file.

Game seed: 6043591345488139249

281347 GreaterElenko the Ripper (level 19, -9/119 HPs)
             Began as a Felid Fire Elementalist on Apr 2, 2019.
             Was the Champion of Nemelex Xobeh.
             Mangled by a deep troll shaman (16 damage)
             ... on level 1 of the Depths on Apr 4, 2019.
             The game lasted 04:25:06 (78850 turns).

GreaterElenko the Ripper (Felid Fire Elementalist) Turns: 78850, Time: 04:25:07

Health: -9/119     AC: 27    Str:  7    XL:     19   Next: 70%
Magic:  43/47      EV: 34    Int: 23    God:    Nemelex Xobeh [******]
Gold:   2158       SH:  0    Dex: 20    Spells: 7/46 levels left
                                        Lives:  0   Deaths: 4

rFire    + . .     SeeInvis +     - Unarmed
rCold    . . .     Gourm    .   (shield unavailable)
rNeg     + . .     Faith    .   (armour unavailable)
rPois    ∞         Spirit   .   (helmet unavailable)
rElec    +         Reflect  .   (cloak unavailable)
rCorr    .         Harm     .   (gloves unavailable)
MR       +++..                  (boots unavailable)
Stlth    +++++.....             E - amulet of magic regeneration
HPRegen  0.29/turn              K - ring of Ehoocruf {rF+ MP+9 Str+3 Int-2 Dex+4}
MPRegen  0.55/turn              g - ring "Soxameas" {rPois MR+}

@: statue-form (expiring), very slow
A: very small, no armour, no weapons or thrown items, stealth, claws 1, fangs 3,
see invisible, carnivore, slow metabolism 1, sharp paws
}: 2/15 runes: serpentine, barnacled
a: End Transformation, Draw Escape, Draw Destruction, Draw Summoning, Draw
Stack, Triple Draw, Deal Four, Stack Five, Renounce Religion


You were on level 1 of the Depths.
You worshipped Nemelex Xobeh.
Nemelex Xobeh was exalted by your worship.
You were very full.
You were a stone statue.
You visited 7 branches of the dungeon, and saw 37 of its levels.
You also visited: Sewer and Bailey.

You collected 4517 gold pieces.
You spent 2359 gold pieces at shops.

Inventory:

Missiles
 p - 7 throwing nets {!f}
Jewellery
 g - the ring "Soxameas" (right paw) {rPois MR+}
   (You took it off Frances on level 14 of the Dungeon)

   [ring of poison resistance]

   It protects you from poison.
   It affects your resistance to hostile enchantments.
 o - an uncursed ring of protection from cold
   (You found it on level 12 of the Dungeon)
 s - an uncursed ring of flight
   (You found it on level 2 of the Lair of Beasts)
 B - a +2 ring of protection
   (You found it on level 2 of the Shoals)
 E - an amulet of magic regeneration (around neck)
   (You found it on level 4 of the Dungeon)
 H - an uncursed ring of resist corrosion
   (You found it on level 11 of the Dungeon)
 K - the ring of Ehoocruf (left paw) {rF+ MP+9 Str+3 Int-2 Dex+4}
   (You bought it in a shop on level 2 of the Orcish Mines)

   [ring of strength]

   It affects your strength (+3).
   It affects your intelligence (-2).
   It affects your dexterity (+4).
   It protects you from fire.
   It affects your magic capacity (+9).
 O - the ring of Suent {rF+ Dex+2}
   (You found it on level 15 of the Dungeon)

   [ring of protection from fire]

   It affects your dexterity (+2).
   It protects you from fire.
 V - a +4 amulet of reflection
   (You took it off a merfolk impaler on level 1 of the Depths)
Wands
 c - a wand of disintegration (36)
   (You found it on level 2 of the Dungeon)
 d - a wand of iceblast (11)
   (You found it on level 2 of the Dungeon)
 j - a wand of polymorph (5)
   (You found it on level 4 of the Shoals)
 t - a wand of flame (74)
   (You found it on level 6 of the Dungeon)
 u - a wand of paralysis (26)
   (You found it on level 2 of the Lair of Beasts)
 v - a wand of digging (17)
   (You found it on level 9 of the Dungeon)
 w - a wand of enslavement (8)
   (You found it on level 15 of the Dungeon)
 x - a wand of acid (16)
   (You took it off a kobold on level 13 of the Dungeon)
 S - a wand of clouds (5)
   (You found it on level 1 of the Depths)
Scrolls
 a - a scroll of fog
 b - 15 scrolls of remove curse {@r2}
 h - 2 scrolls of teleportation {@r4}
 l - 5 scrolls of amnesia
 n - 5 scrolls of immolation {!r}
 y - a scroll of vulnerability {!r}
 C - a scroll of holy word
 G - 3 scrolls of magic mapping
 I - 2 scrolls of silence
 J - a scroll of summoning
 U - a scroll of identify {@r1}
Potions
 f - 2 potions of cancellation
 i - 6 potions of brilliance
 k - 9 potions of haste {@q3}
 m - 5 potions of heal wounds {@q2}
 q - 10 potions of flight
 r - 19 potions of curing {@q1}
 z - 7 potions of might
 A - 5 potions of ambrosia
 D - 6 potions of mutation {!q}
 F - 5 potions of lignification {!q}
 M - 2 potions of agility
 N - 3 potions of resistance
 Q - a potion of invisibility
 T - 2 potions of magic
Miscellaneous
 P - a phial of floods
   (You found it on level 6 of the Lair of Beasts)
 R - a phantom mirror
Comestibles
 e - 70 rations {!d}


   Skills:
 + Level 14.8 Fighting
 + Level 17.3 Dodging
 - Level 10.3 Stealth
 * Level 17.6 Unarmed Combat
 - Level 14.0 Spellcasting
 - Level 9.0 Conjurations
 - Level 11.8 Hexes
 * Level 5.3 Summonings
 - Level 1.2 Translocations
 - Level 13.2 Transmutations
 - Level 9.0 Fire Magic
 - Level 10.6 Earth Magic
 - Level 13.3 Invocations
 - Level 0.6 Evocations


You had 7 spell levels left.
You knew the following spells:

 Your Spells              Type           Power        Failure   Level  Hunger
a - Flame Tongue          Conj/Fire      #####        1%          1    None
b - Fireball              Conj/Fire      ######....   2%          5    ###....
c - Confuse               Hex            ######..     1%          3    None
d - Conjure Flame         Conj/Fire      ######..     1%          3    None
e - Confusing Touch       Hex            ######       1%          1    None
f - Invisibility          Hex            ######..     4%          6    #####..
g - Statue Form           Tmut/Erth      ######...    4%          6    #####..
h - Blink                 Tloc           N/A          3%          2    None
i - Apportation           Tloc           ###...       2%          1    None
q - Sticky Flame          Conj/Fire      ######..     1%          4    None
w - Summon Mana Viper     Hex/Summ       ######..     3%          5    ###....
x - Throw Flame           Conj/Fire      ######       1%          2    None

Your spell library contained the following spells:

 Spells                   Type           Power        Failure   Level  Hunger
 Corona                   Hex            ######.      1%          1    None
 Shock                    Conj/Air       ####         1%          1    None
 Summon Butterflies       Summ           #####...     1%          1    None
 Ensorcelled Hibernation  Hex/Ice        #####.       1%          2    None
 Slow                     Hex            ######..     1%          2    None
 Throw Frost              Conj/Ice       #####.       1%          2    None
 Call Canine Familiar     Summ           #####...     1%          3    None
 Dazzling Spray           Conj/Hex       ######       1%          3    None
 Inner Flame              Hex/Fire       ######..     1%          3    None
 Static Discharge         Conj/Air       #####...     1%          3    None
 Tukima's Dance           Hex            ######..     1%          3    None
 Cause Fear               Hex            ######....   1%          4    None
 Leda's Liquefaction      Hex/Erth       ######....   1%          4    None
 Petrify                  Tmut/Erth      ######..     1%          4    None
 Bolt of Magma            Conj/Fire/Erth ######....   1%          5    ###....
 Irradiate                Conj/Tmut      ######....   1%          5    ###....
 Yara's Violent Unravell  Hex/Tmut       ######....   1%          5    ###....
 Hydra Form               Tmut           ######....   2%          6    #####..
 Freeze                   Ice            ###.         3%          1    None
 Mephitic Cloud           Conj/Pois/Air  ####....     3%          3    None
 Recall                   Summ/Tloc      N/A          3%          3    None
 Shroud of Golubria       Chrm/Tloc      ###.......   4%          2    None
 Poisonous Vapours        Pois/Air       ###...       5%          2    None
 Swiftness                Chrm/Air       ###.....     5%          2    None
 Throw Icicle             Conj/Ice       #####...     6%          4    None
 Gell's Gravitas          Tloc           ###.......   7%          3    None
 Lesser Beckoning         Tloc           ###.......   7%          3    None
 Teleport Other           Tloc           ###.....     7%          3    None
 Alistair's Intoxication  Tmut/Pois      #####...     7%          5    ###....
 Metabolic Englaciation   Hex/Ice        #####.....   10%         5    ###....
 Silence                  Hex/Air        #####.....   10%         5    ###....
 Iron Shot                Conj/Erth      ######....   10%         6    #####..
 Ozocubu's Armour         Chrm/Ice       ###.....     11%         3    None
 Aura of Abjuration       Summ           #####.....   12%         5    ###....
 Summon Demon             Summ           #####.....   12%         5    ###....
 Summon Ice Beast         Ice/Summ       ####....     13%         4    None
 Summon Lightning Spire   Summ/Air       ####....     13%         4    None
 Dragon Form              Tmut           ######....   14%         7    ######.
 Iskenderun's Battlesphe  Conj/Chrm      #####...     16%         5    ###....
 Lightning Bolt           Conj/Air       #####.....   16%         5    ###....
 Venom Bolt               Conj/Pois      #####.....   16%         5    ###....
 Passage of Golubria      Tloc           N/A          22%         4    None
 Summon Forest            Summ/Tloc      ####......   26%         5    ###....
 Airstrike                Air            ###.......   36%         4    None
 Shadow Creatures         Summ           N/A          54%         6    #####..
 Orb of Destruction       Conj           ######....   58%         7    ######.
 Conjure Ball Lightning   Conj/Air       #####.....   65%         6    #####..
 Freezing Cloud           Conj/Ice/Air   ####......   86%         6    #####..
 Spellforged Servitor     Conj/Summ      #####.....   86%         7    ######.
 Summon Hydra             Summ           #####.....   98%         7    ######.
 Deflect Missiles         Chrm/Air       ###.......   99%         6    #####..
 Ring of Flames           Chrm/Fire      #####.....   99%         7    ######.
 Tornado                  Air            ###.......   100%        9    #######
 Portal Projectile        Hex/Tloc       Unusable     N/A         3    N/A

Dungeon Overview and Level Annotations

Branches:
Dungeon (15/15)            Temple (0/1) D:4            Lair (6/6) D:9
 Shoals (4/4) Lair:2        Snake (4/4) Lair:3          Orc (2/2) D:12
    Elf (0/3) Orc:2        Vaults (4/5) D:14          Crypt (0/3) Vaults:3
 Depths (2/5) D:15
  Slime: Lair:5-6

Altars:
Dithmenos
Fedhas
Hepliaklqana
Kikubaaqudgha
Nemelex Xobeh
Ru
Trog
Wu Jian
Yredelemnul
Lugonu

Shops:
D:4 (   D:9 (!   Orc:2 =![%   Shoals:2 }   Snake:3 ([   Vaults:4 ([:

Portals:
Hell: Depths:1
Pandemonium: Depths:1

Annotations:
D:4 2 transporters, Oninnaise's ghost, novice OpAs
D:7 exclusion: crimson imp
D:8 2 transporters
D:13 2 transporters
Lair:3 exclusion: downstairs
Lair:4 exclusion: oklob plant
Lair:5 exclusion: 3 oklob plants
Shoals:2 1 runed translucent door, strelocc's ghost, adept MiHu


Innate Abilities, Weirdness & Mutations

You cannot wear armour.
You are incapable of wielding weapons or throwing items.
Your paws allow you to move quietly. (Stealth)
You have sharp claws.
You have razor-sharp teeth.
You have supernaturally acute eyesight. (SInv)
You are carnivorous and can eat meat at any time.
((You cover ground quickly.))
((Your thick and shaggy fur keeps you warm. (AC +3, rC+)))
You have a slow metabolism.
Your sharp claws are effective at attacking unaware monsters.


Message History

The deep troll shaman calls upon its god to speed up the deep troll.
The deep troll seems to speed up.
The yaktaur shoots a bolt.
The bolt closely misses you.
The tengu conjurer gestures wildly while chanting.
The tengu conjurer conjures a globe of magical energy!
An iron troll comes into view.
A battlesphere comes into view.
Things that are here:
a +0 arbalest; 25 bolts Unknown command.
The deep troll shaman calls upon its god to speed up the iron troll.
The iron troll seems to speed up.
The fire dragon completely misses you. The fire dragon closely misses you.
The fire dragon tramples you but does no damage.
There is a stone staircase leading up, spattered with blood here.
Unknown command.
The deep troll shaman bites you but does no damage.
The deep troll shaman completely misses you.
The deep troll shaman claws you but does no damage.
The deep troll shaman calls upon its god to speed up the deep troll.
The deep troll seems to speed up.
The fire dragon bites you!
* * * LOW HITPOINT WARNING * * *
The fire dragon closely misses you. The fire dragon misses you.
The deep troll shaman calls upon its god to speed up the deep troll shaman.
The deep troll shaman seems to speed up.
The boggart mumbles some strange words.
The boggart flickers and vanishes for a moment.
The fire dragon bites you but does no damage.
The fire dragon claws you!
* * * LOW HITPOINT WARNING * * *
The fire dragon misses you.
You climb upwards.
The battlesphere dissipates.
There is a stone staircase leading down here.
Unknown command.
A mana viper appears with a sibilant hiss.
Your transformation is almost over.
The deep troll shaman misses you.
The deep troll shaman closely misses you.
The deep troll shaman completely misses you.
The deep troll shaman bites you but does no damage.
The deep troll shaman claws you!!
* * * LOW HITPOINT WARNING * * *
The deep troll shaman completely misses you.
The deep troll shaman barely misses you.
The deep troll shaman completely misses you.
The deep troll shaman claws you!!
* * * LOW HITPOINT WARNING * * *
The deep troll shaman bites you!
You die...
Your body glows with a rainbow of weird colours and disappears.

..# .## ### ))# ##.## (## ###
##...###### (### #.# #..≈...#..##
(..# ##.#### ###.........##
((####.....# ##.#.......≈..##
..(........####..........≈≈..#
.((.........##.S8...........##
..##.......##..T.........≈..#####
≈..............[...........###..#
≈.........................#.#...#
≈≈.≈≈.....###........#...##.....#
≈.....≈..##.##.≈.......##......##
..≈.≈≈≈........≈≈........##...##
....≈≈≈.≈...≈≈≈≈....≈...###...###
...≈≈≈...≈≈≈≈≈≈≈....≈...##.......


You could see a deep troll shaman and a friendly mana viper.

Vanquished Creatures
  Margery (Vaults:2)
  Saint Roka (Vaults:4)
  Xtahua (Vaults:3)
  2 sphinxes
  Frances (D:14)
  A storm dragon (D:15)
  An ancient champion (Vaults:3)
  9 nagarajas
  A frost giant (Vaults:4)
  Ilsuiw (Shoals:3)
  A ghost moth (Orc:2)
  11 vault wardens
  A very ugly thing (Vaults:1)
  A war gargoyle (Vaults:4)
  2 entropy weavers (Vaults:4)
  5 stone giants
  11 ironheart preservers
  A deep elf demonologist (Vaults:2)
  Azrael (D:15)
  8 merfolk javelineers
  A deep elf death mage (Vaults:4)
  A green death (Depths:1)
  8 merfolk impalers
  6 ettins
  A fire dragon (Vaults:4)
  10 great orbs of eyes
  12 yaktaur captains
  13 vault guards
  5 rakshasas
  4 ice dragons
  11 naga warriors
  7 hydras
  7 anacondas
  2 catoblepae
  3 alligator snapping turtles
  5 merfolk avatars
  16 centaur warriors
  40 two-headed ogres
  4 merfolk aquamancers
  A two-headed ogre (shapeshifter) (D:14)
  A satyr (Shoals:3)
  An alligator (Vaults:3)
  2 death knights
  12 ogre magi
  4 tengu warriors
  3 death yaks (D:9)
  A deep troll shaman (Vaults:3)
  A queen ant (Lair:2)
  3 orc high priests (Orc:2)
  3 shock serpents
  A deep elf knight (Vaults:4)
  A sun demon (Depths:1)
  2 deep troll earth magi
  A shock serpent (shapeshifter) (Vaults:3)
  11 naga sharpshooters
  5 hell knights
  9 skeletal warriors
  A shadow wraith (Vaults:3)
  11 sea snakes
  3 salamander mystics
  A glowing orange brain (Vaults:2)
  8 deep trolls
  A flayed ghost (D:14)
  A swamp dragon (Vaults:3)
  A gelid demonspawn (Depths:1)
  An infernal demonspawn (Depths:1)
  2 unseen horrors
  3 deep elf archers
  4 wizards
  A glowing orange brain (shapeshifter) (Vaults:1)
  12 naga ritualists
  5 necromancers
  A phantasmal warrior (Vaults:2)
  9 harpies
  20 orc knights
  10 ironbrand convokers
  8 mana vipers
  2 wolf spiders
  21 ugly things
  19 deep elf magi
  An orb spider (shapeshifter) (Vaults:3)
  A faun (shapeshifter) (Vaults:1)
  25 cyclopes
  5 orc sorcerers
  15 salamanders
  12 fauns
  12 manticores
  A salamander (shapeshifter) (Vaults:3)
  12 elephants
  5 guardian serpents
  A moth of wrath (D:15)
  An elephant (shapeshifter) (D:14)
  33 black mambas
  7 merfolk sirens
  5 water nymphs
  5 centaur skeletons
  7 vault sentinels
  An orange demon (Depths:1)
  15 spiny frogs
  A torpor snail (shapeshifter) (Vaults:3)
  2 torpor snails (Shoals:3)
  2 gargoyles
  28 naga magi
  A rime drake (Lair:1)
  6 komodo dragons
  2 kobold demonologists (D:15)
  2 ice devils (Orc:2)
  7 freezing wraiths
  31 yaktaurs
  2 tengu conjurers
  A redback zombie (D:15)
  2 queen bees (shapeshifter)
  A jumping spider (Vaults:4)
  5 polar bears (Lair:6)
  A troll (shapeshifter) (Vaults:1)
  A meliai (D:14)
  6 wind drakes
  A wind drake (shapeshifter) (Vaults:2)
  A jumping spider (shapeshifter) (D:15)
  7 trolls
  A tengu simulacrum (Vaults:2)
  6 blink frogs
  17 merfolk
  8 slime creatures
  12 hippogriffs
  7 hornets
  8 snapping turtles
  A hippogriff (shapeshifter) (Vaults:4)
  12 dream sheep
  6 wraiths
  A redback (Vaults:4)
  A vampire (D:15)
  Sigmund (D:3)
  13 spriggans
  6 shadows
  A yak (shapeshifter) (D:15)
  42 yaks
  A fire bat (shapeshifter) (D:15)
  18 water elementals
  Eustachio (D:4)
  A wyvern (D:13)
  4 basilisks
  A fire elemental (D:15)
  3 hungry ghosts
  3 vampire mosquitoes
  A basilisk (shapeshifter) (Depths:1)
  Menkaure (D:5)
  8 wargs
  An acid dragon (shapeshifter) (Vaults:1)
  68 nagas
  5 hell hounds (D:15)
  3 soldier ants (Lair:2)
  11 water moccasins
  An acid dragon (D:15)
  2 floating eyes (D:15)
  9 porcupines
  A swamp drake (Orc:2)
  A necrophage (D:6)
  4 black bears
  54 orc warriors
  3 sky beasts
  3 ice beasts
  An ettin simulacrum (Vaults:2)
  17 boggarts
  3 phantoms
  26 wolves
  31 ogres
  16 centaurs
  8 crocodiles
  5 big kobolds
  15 bullfrogs
  2 wyvern zombies
  2 gnoll sergeants
  2 wyvern skeletons
  8 scorpions
  A human simulacrum (Vaults:3)
  16 killer bees
  A howler monkey (D:9)
  12 wights
  4 bullfrog zombies
  2 electric eels (Lair:3)
  4 crimson imps
  4 centaur zombies
  A quasit (D:8)
  A wyvern simulacrum (D:14)
  11 hounds
  16 jellies
  A bullfrog skeleton (D:9)
  37 orc wizards
  29 orc priests
  6 iguanas
  3 hell rats (D:9)
  23 worker ants
  2 hound zombies
  2 hound skeletons
  Robin (D:3)
  A worker ant zombie (D:10)
  14 gnolls
  15 adders
  A howler monkey skeleton (D:8)
  A river rat (Sewer)
  4 shadow imps
  20 oozes
  3 worms
  A dart slug (Orc:2)
  7 leopard geckos
  141 orcs
  3 bats
  3 giant cockroaches
  17 goblins
  7 hobgoblins
  11 jackals
  30 kobolds
  11 quokkas
  2 ball pythons
  8 frilled lizards
  A leopard gecko skeleton (D:8)
  2 leopard gecko zombies
  A quokka skeleton (D:9)
  11 rats
  A crawling corpse (Vaults:4)
  A fungus (Lair:3)
  2 plants (Shoals:3)
1681 creatures vanquished.

Vanquished Creatures (collateral kills)
  Vashnia (Snake:3)
  Nikola (Shoals:4)
  A storm dragon (Vaults:4)
  A nagaraja (Snake:3)
  A tengu reaver (Vaults:3)
  Aizul (Snake:4)
  An ironheart preserver (Vaults:1)
  A deep elf demonologist (Vaults:1)
  A merfolk javelineer (Shoals:4)
  2 deep elf death magi
  A yaktaur captain (Vaults:3)
  3 merfolk impalers
  2 ogre magi
  Josephine (Lair:4)
  Snorg (Lair:4)
  9 naga warriors
  4 anacondas
  A deep troll earth mage (Vaults:3)
  5 two-headed ogres
  2 deep troll shamans
  A naga sharpshooter (Snake:3)
  2 shock serpents
  A deep elf knight (Vaults:2)
  A hell knight (Vaults:3)
  Nergalle (Lair:3)
  A shadow wraith (Vaults:3)
  A sea snake (Shoals:1)
  2 skeletal warriors (D:15)
  An unseen horror (shapeshifter) (Vaults:1)
  A salamander mystic (Snake:2)
  4 deep trolls (Vaults:3)
  An orc knight (Vaults:4)
  An ironbrand convoker (Vaults:2)
  3 mana vipers
  2 fauns (Shoals:3)
  2 ugly things
  2 cyclopes (Shoals:3)
  3 black mambas
  2 manticores (Shoals:2)
  A salamander (Snake:2)
  2 elephants
  A merfolk siren (Shoals:3)
  3 guardian serpents
  6 naga magi
  A water nymph (Shoals:1)
  4 vault sentinels
  4 yaktaurs
  5 merfolk
  3 wind drakes
  2 hornets (D:15)
  3 snapping turtles
  2 dream sheep (Shoals:2)
  A spriggan (D:15)
  4 water elementals
  2 wraiths (Lair:4)
  14 nagas
  A hell hound (D:15)
  2 orc warriors
  A boggart (Vaults:3)
  3 ogres
  An orc wizard (Vaults:4)
  An orc (Vaults:4)
  A crawling corpse (Vaults:4)
140 creatures vanquished.

Vanquished Creatures (others)
  A merfolk javelineer (Shoals:4)
  A naga warrior (Snake:4)
  2 merfolk aquamancers (Shoals:4)
  An alligator snapping turtle (Shoals:1)
  A satyr (Shoals:3)
  An orc high priest (Orc:2)
  A naga sharpshooter (Snake:3)
  A deep troll (Vaults:3)
  A faun (Shoals:2)
  A water nymph (Shoals:4)
  A yaktaur (Vaults:2)
  A merfolk (Shoals:4)
  A wraith (D:14)
  A golden eye (shapeshifter) (Vaults:1)
  2 nagas (Snake:4)
  A hell hound (D:15)
  2 orc warriors
  A crimson imp (D:14)
  2 orc wizards
  A worker ant (D:14)
  A ball lightning (D:14)
  2 orcs
  A bush (Lair:3)
  15 fungi
  13 plants
56 creatures vanquished.

Grand Total: 1877 creatures vanquished

Notes
Turn   | Place    | Note
-------+----------+-------------------------------------------
     0 | D:1      | GreaterElenko the Felid Fire Elementalist began the quest
                  | for the Orb.
     0 | D:1      | Reached XP level 1. HP: 7/7 MP: 4/4
   110 | D:1      | Reached skill level 1 in Conjurations
   580 | D:1      | Reached XP level 2. HP: 11/11 MP: 4/6
  1085 | D:2      | Noticed a scorpion
  1091 | D:2      | Killed a scorpion
  1091 | D:2      | Reached XP level 3. HP: 1/14 MP: 1/7
  1236 | D:2      | Reached XP level 4. HP: 8/18 MP: 2/8
  1405 | D:2      | Learned a level 2 spell: Throw Flame
  1409 | D:2      | Learned a level 3 spell: Conjure Flame
  2099 | D:3      | Found a blossoming altar of Fedhas.
  2523 | D:3      | Noticed Robin
  2532 | D:3      | Killed Robin
  2532 | D:3      | Reached XP level 5. HP: 15/21 MP: 1/9
  2719 | D:3      | Noticed Sigmund
  2935 | D:4      | Found a glowing drain.
  3029 | Sewer    | Entered a sewer
  3171 | Sewer    | Gained mutation: You are covered in thick fur. (AC +2)
                  | [Felid growth]
  3171 | Sewer    | Reached XP level 6. HP: 16/24 MP: 3/11
  3279 | Sewer    | Found a white marble altar of Elyvilon.
  3385 | D:4      | Reached XP level 7. HP: 27/27 MP: 4/12
  3449 | D:4      | Learned a level 4 spell: Sticky Flame
  3873 | D:4      | Reached skill level 5 in Dodging
  3873 | D:4      | Reached skill level 5 in Fire Magic
  4027 | D:4      | Found Gabac's Antique Weapon Emporium.
  4038 | D:4      | Noticed Eustachio
  4396 | D:3      | Killed Sigmund
  4450 | D:5      | Entered Level 5 of the Dungeon
  4516 | D:5      | Found a sacrificial altar of Ru.
  4562 | D:5      | Found an ornate altar of the Wu Jian Council.
  4877 | D:5      | Reached XP level 8. HP: 24/31 MP: 2/14
  5509 | D:5      | Noticed Menkaure
  5511 | D:5      | Killed Menkaure
  5511 | D:5      | Reached skill level 5 in Conjurations
  5919 | D:5      | Reached skill level 1 in Fighting
  6813 | D:6      | Learned a level 5 spell: Fireball
  7028 | D:7      | Reached XP level 9. HP: 36/36 MP: 9/16
  7262 | D:7      | Reached skill level 5 in Spellcasting
  8333 | D:8      | Found a sparkling altar of Nemelex Xobeh.
  9422 | D:8      | Found a transporter.
  9426 | D:8      | Found a hazy altar of Hepliaklqana.
  9630 | D:8      | Found a transporter.
  9813 | D:8      | Noticed a fire dragon
  9892 | D:8      | Became a worshipper of Nemelex Xobeh the Trickster
 10082 | D:9      | Reached XP level 10. HP: 23/42 MP: 10/20
 10258 | D:9      | Noticed a two-headed ogre
 10422 | D:9      | Found a flagged portal.
 10497 | Bailey   | Entered a bailey
 10934 | Bailey   | Found a bloodstained altar of Trog.
 10986 | Bailey   | Received a gift from Nemelex Xobeh
 11014 | D:9      | Noticed a death yak
 11017 | D:9      | Noticed a death yak
 11021 | D:9      | Noticed a death yak
 11032 | D:9      | Killed a death yak
 11041 | D:9      | Reached skill level 1 in Invocations
 11256 | D:9      | Found a staircase to the Lair.
 11278 | D:9      | Killed a death yak
 12119 | D:9      | Killed a death yak
 12359 | D:9      | Killed a two-headed ogre
 12359 | D:9      | Reached XP level 11. HP: 46/46 MP: 7/23
 12408 | D:9      | Found Biakaymm's Weapon Shoppe.
 12428 | D:9      | Found a sparkling altar of Nemelex Xobeh.
 12449 | D:9      | Found Yhant's Distillery.
 12455 | D:9      | Bought a potion of haste for 150 gold pieces
 12655 | D:10     | Entered Level 10 of the Dungeon
 13344 | D:11     | Reached * piety under Nemelex Xobeh
 13349 | D:11     | Reached skill level 5 in Fighting
 13542 | D:11     | Received a gift from Nemelex Xobeh
 13569 | D:11     | Noticed a five-headed hydra
 13584 | D:11     | Killed a five-headed hydra
 14456 | Lair:1   | Entered Level 1 of the Lair of Beasts
 14745 | Lair:1   | Reached skill level 10 in Dodging
 15165 | Lair:1   | Noticed a four-headed hydra
 15171 | Lair:1   | Killed a four-headed hydra
 15171 | Lair:1   | Reached skill level 5 in Invocations
 15998 | Lair:1   | Received a gift from Nemelex Xobeh
 16084 | Lair:1   | Noticed a four-headed hydra
 16155 | Lair:1   | Reached ** piety under Nemelex Xobeh
 16165 | Lair:1   | Killed a four-headed hydra
 16165 | Lair:1   | Gained mutation: Your thick and shaggy fur keeps you warm.
                  | (AC +3, rC+) [Felid growth]
 16165 | Lair:1   | Reached XP level 12. HP: 53/53 MP: 3/26
 16205 | Lair:1   | Reached skill level 10 in Spellcasting
 16536 | Lair:1   | Learned a level 3 spell: Confuse
 16536 | Lair:1   | Received a gift from Nemelex Xobeh
 16548 | Lair:1   | Reached skill level 1 in Hexes
 17112 | Lair:2   | Reached skill level 1 in Unarmed Combat
 17768 | Lair:2   | Noticed a queen ant
 17893 | Lair:2   | Killed a queen ant
 18130 | Lair:2   | Reached skill level 5 in Hexes
 18551 | Lair:2   | Found a staircase to the Shoals.
 18641 | Lair:2   | Received a gift from Nemelex Xobeh
 19231 | Lair:2   | Learned a level 1 spell: Confusing Touch
 19869 | Lair:3   | Learned a level 6 spell: Invisibility
 20002 | Lair:3   | Noticed Nergalle
 20337 | Lair:3   | Found a staircase to the Snake Pit.
 20578 | Lair:3   | Killed Nergalle
 20578 | Lair:3   | Reached XP level 13. HP: 32/58 MP: 17/28
 20996 | Lair:4   | Reached *** piety under Nemelex Xobeh
 20996 | Lair:4   | Received a gift from Nemelex Xobeh
 21379 | Lair:4   | Reached skill level 5 in Unarmed Combat
 21595 | Lair:4   | Received a gift from Nemelex Xobeh
 21618 | Lair:4   | Learned a level 6 spell: Statue Form
 22140 | Lair:4   | Noticed Snorg
 22187 | Lair:4   | Received a gift from Nemelex Xobeh
 22674 | Lair:5   | Noticed Josephine
 22814 | Lair:5   | Reached **** piety under Nemelex Xobeh
 22868 | Lair:4   | Reached skill level 1 in Transmutations
 23011 | Lair:4   | Identified the +0 long sword of Governance {flame, Int+3
                  | Dex+2}
 23018 | Lair:4   | Killed Josephine
 23018 | Lair:4   | Reached skill level 1 in Earth Magic
 23079 | Lair:4   | Identified the +0 hand axe of Ziwnoaki {freeze, rPois rC+
                  | Str+3 Dex-3}
 23088 | Lair:4   | Killed Snorg
 23745 | Lair:5   | Received a gift from Nemelex Xobeh
 24204 | Lair:6   | Entered Level 6 of the Lair of Beasts
 24493 | D:4      | Found a staircase to the Ecumenical Temple.
 24510 | D:4      | Found a transporter.
 24533 | D:4      | Killed Eustachio
 24566 | D:4      | Found a transporter.
 24572 | D:4      | Noticed Oninnaise's ghost (novice OpAs)
 24573 | D:4      | Identified the +7 great mace of Usamumus {crush, *Slow
                  | rElec MR+ Stlth+}
 24942 | D:11     | Received a gift from Nemelex Xobeh
 25455 | D:11     | Identified the +5 arbalest of Doom {velocity, Dex+3}
 25516 | D:11     | Noticed an ettin
 25560 | D:11     | Killed an ettin
 26327 | D:12     | Found a staircase to the Orcish Mines.
 27308 | D:12     | Received a gift from Nemelex Xobeh
 27720 | D:13     | Found a transporter.
 27999 | D:13     | Reached skill level 5 in Transmutations
 28252 | D:13     | Reached XP level 14. HP: 62/64 MP: 5/30
 28544 | D:13     | Found a transporter.
 29518 | D:13     | Reached skill level 5 in Earth Magic
 29884 | D:13     | You fall through a shaft!
 29884 | D:14     | Received a gift from Nemelex Xobeh
 29887 | D:14     | Reached ***** piety under Nemelex Xobeh
 30097 | D:14     | Hit by a large rock thrown by a cyclops
 30098 | D:14     | Reached XP level 13. HP: -5/60 MP: 22/29
 30857 | Lair:6   | Received a gift from Nemelex Xobeh
 32007 | Lair:6   | Received a gift from Nemelex Xobeh
 33501 | Orc:1    | Entered Level 1 of the Orcish Mines
 33628 | Orc:1    | Noticed an ettin
 33633 | Orc:1    | Killed an ettin
 34112 | Orc:1    | Received a gift from Nemelex Xobeh
 34297 | Orc:2    | Entered Level 2 of the Orcish Mines
 34907 | Orc:2    | Found a staircase to the Elven Halls.
 35255 | Orc:2    | Noticed Donald
 35259 | Orc:2    | Noticed an orc warlord
 35487 | Orc:2    | Reached XP level 14. HP: 65/65 MP: 11/31
 35753 | Orc:2    | an orc warlord changed into a catoblepas
 35753 | Orc:2    | Noticed Donald
 35753 | Orc:2    | Donald changed into Donald the ghost moth
 35970 | Orc:2    | Killed Donald the ghost moth
 37695 | Orc:2    | Found Qikhlerr's Distillery.
 37695 | Orc:2    | Found Cicluys's Jewellery Shoppe.
 37697 | Orc:2    | Found Aroali's Armour Shoppe.
 37697 | Orc:2    | Found Ucviesm's Food Boutique.
 37705 | Orc:2    | Bought the ring of Ehoocruf {rF+ MP+9 Str+3 Int-2 Dex+4}
                  | for 739 gold pieces
 37710 | Orc:2    | Bought a potion of haste for 160 gold pieces
 37710 | Orc:2    | Bought a potion of haste for 160 gold pieces
 37710 | Orc:2    | Bought a potion of heal wounds for 80 gold pieces
 37710 | Orc:2    | Bought a potion of curing for 48 gold pieces
 37710 | Orc:2    | Bought a potion of curing for 48 gold pieces
 37710 | Orc:2    | Bought a potion of agility for 64 gold pieces
 39394 | D:14     | Found a gate to the Vaults.
 39410 | D:14     | Received a gift from Nemelex Xobeh
 39477 | D:14     | Reached skill level 10 in Transmutations
 39764 | D:14     | Received a gift from Nemelex Xobeh
 40267 | D:14     | Reached skill level 10 in Hexes
 40617 | D:14     | Identified the ring "Soxameas" {rPois MR+}
 40617 | D:14     | Noticed Frances
 41008 | D:14     | Reached XP level 15. HP: 69/69 MP: 18/33
 41028 | D:14     | Killed Frances
 41106 | D:14     | Found an ornate altar of the Wu Jian Council.
 41108 | D:14     | Found an ornate altar of the Wu Jian Council.
 41136 | D:14     | Found a sparkling altar of Nemelex Xobeh.
 41137 | D:14     | Found a hazy altar of Hepliaklqana.
 41521 | Shoals:1 | Entered Level 1 of the Shoals
 42869 | Shoals:1 | Reached skill level 10 in Fighting
 43515 | Shoals:1 | Received a gift from Nemelex Xobeh
 44224 | Shoals:2 | Found Ikoenir's Gadget Emporium.
 44664 | Shoals:2 | Identified the -1 trident of the Shore {pain, Dex+4}
 46141 | Shoals:2 | Found a runed translucent door.
 46141 | Shoals:2 | Noticed strelocc's ghost (adept MiHu)
 46801 | Shoals:3 | Reached skill level 5 in Stealth
 47121 | Shoals:3 | Noticed Ilsuiw
 47141 | Shoals:3 | Reached skill level 10 in Invocations
 47580 | Shoals:3 | Reached XP level 16. HP: 74/74 MP: 27/34
 47849 | Shoals:3 | Killed Ilsuiw
 48285 | Shoals:4 | Entered Level 4 of the Shoals
 48285 | Shoals:4 | Received a gift from Nemelex Xobeh
 48365 | Shoals:4 | Noticed Louise
 48366 | Shoals:4 | Noticed Louise
 48366 | Shoals:4 | Louise changed into Louise the great orb of eyes
 48368 | Shoals:4 | Killed Louise the great orb of eyes
 48398 | Shoals:4 | Noticed Nikola
 48489 | Snake:1  | Entered Level 1 of the Snake Pit
 49460 | Snake:1  | Found a bloodstained altar of Trog.
 49587 | Snake:1  | You fall through a shaft!
 50541 | Snake:2  | Reached skill level 10 in Unarmed Combat
 50551 | Snake:2  | Received a gift from Nemelex Xobeh
 50555 | Snake:2  | Learned a level 2 spell: Blink
 50561 | Snake:2  | Learned a level 5 spell: Summon Mana Viper
 50563 | Snake:2  | Learned a level 1 spell: Apportation
 52294 | Snake:1  | Received a gift from Nemelex Xobeh
 52366 | Snake:2  | You fall through a shaft!
 52819 | Snake:2  | Reached skill level 10 in Stealth
 54143 | Snake:3  | Noticed Vashnia
 54408 | Snake:3  | HP: 2/97 [naga sharpshooter/bolt[Vashnia] (12)]
 54416 | Snake:3  | Identified the -1 trident "Horit" {freeze, -Tele rPois rC++
                  | SInv}
 54418 | Snake:3  | Reached XP level 17. HP: 34/79 MP: 20/35
 54419 | Snake:3  | Killed Vashnia
 54419 | Snake:3  | Shot with a bolt by a naga sharpshooter
 54420 | Snake:3  | Reached XP level 16. HP: -3/98 MP: 18/34
 54421 | Snake:3  | Reached XP level 17. HP: 79/79 MP: 35/35
 54795 | Snake:3  | Found Becvyisa's Antique Weapon Shop.
 54800 | Snake:3  | Found Zuxeanash's Armour Shop.
 55496 | Snake:3  | Found Becvyisa's Antique Weapon Shop.
 55512 | Snake:3  | Found Zuxeanash's Armour Shop.
 55990 | Snake:3  | Found Becvyisa's Antique Weapon Shop.
 55995 | Snake:3  | Found Zuxeanash's Armour Shop.
 56286 | Snake:4  | Entered Level 4 of the Snake Pit
 56901 | Snake:4  | Received a gift from Nemelex Xobeh
 57553 | Shoals:4 | Received a gift from Nemelex Xobeh
 58550 | Shoals:4 | Killed Nikola
 59311 | Shoals:4 | Got a barnacled rune of Zot
 59752 | Vaults:1 | Entered Level 1 of the Vaults
 59795 | D:15     | Entered Level 15 of the Dungeon
 59879 | D:15     | Found an ancient bone altar of Kikubaaqudgha.
 59915 | D:15     | Noticed Azrael
 59938 | D:15     | Killed Azrael
 59952 | D:15     | Got an ancient steel ring
 60191 | D:15     | Received a gift from Nemelex Xobeh
 60195 | D:15     | Reached XP level 18. HP: 85/85 MP: 36/36
 60219 | D:15     | Found a shadowy altar of Dithmenos.
 60636 | D:15     | Got a pitted ivory ring
 60639 | D:15     | Identified the ring of Suent {rF+ Dex+2} (You found it on
                  | level 15 of the Dungeon)
 60726 | D:15     | Found a sparkling altar of Nemelex Xobeh.
 60779 | D:15     | Identified the ring "Verch" {EV+1 SInv}
 60953 | D:15     | Found a staircase to the Depths.
 61052 | D:15     | Noticed Nessos
 61073 | D:15     | Noticed Nessos
 61073 | D:15     | Nessos changed into Nessos the moth of wrath
 61075 | D:15     | Killed Nessos the moth of wrath
 62700 | Snake:4  | Received a gift from Nemelex Xobeh
 62758 | Snake:4  | Identified the ring "Putoud" {rF+ rC- Int+3 Dex+4 Stlth+}
                  | (You found it on level 15 of the Dungeon)
 62807 | Snake:4  | Identified a scroll of acquirement
 62831 | Snake:4  | Reached skill level 15 in Dodging
 63117 | Snake:4  | Reached skill level 15 in Unarmed Combat
 64545 | Snake:4  | Noticed Aizul
 64562 | Snake:4  | Killed Aizul
 64609 | Snake:4  | Got a wavering brass amulet
 64611 | Snake:4  | Identified the amulet "Etergholl" {Harm *Drain rC+ Int+3}
                  | (You acquired it on level 4 of the Snake Pit)
 64714 | Snake:4  | Got a serpentine rune of Zot
 65192 | Vaults:1 | Reached skill level 1 in Translocations
 65247 | Vaults:1 | Reached skill level 1 in Summonings
 65256 | Vaults:1 | Reached XP level 19. HP: 90/90 MP: 33/37
 65299 | Vaults:1 | Received a gift from Nemelex Xobeh
 65817 | Vaults:1 | Identified the cursed +1 hand axe "Sojuen" {drain, rC+
                  | Int+3}
 65965 | Vaults:1 | Received a gift from Nemelex Xobeh
 66008 | Vaults:1 | Noticed a Brimstone Fiend
 67371 | Vaults:1 | Received a gift from Nemelex Xobeh
 67390 | Vaults:1 | Found a basalt altar of Yredelemnul.
 68791 | Vaults:2 | Hit by a large rock thrown by a cyclops
 68792 | Vaults:2 | Reached XP level 18. HP: -11/113 MP: 36/36
 68938 | Vaults:2 | Received a gift from Nemelex Xobeh
 69446 | Vaults:2 | Received a gift from Nemelex Xobeh
 71288 | Vaults:2 | Reached ****** piety under Nemelex Xobeh
 71621 | Vaults:3 | Reached XP level 19. HP: 90/90 MP: 37/37
 71737 | Vaults:3 | Noticed Xtahua
 71751 | Vaults:3 | Killed Xtahua
 72067 | Vaults:3 | Reached skill level 10 in Earth Magic
 72083 | Vaults:3 | Killed from afar by a deep troll earth mage
 72084 | Vaults:3 | Reached XP level 18. HP: -23/113 MP: 43/45
 72495 | Vaults:3 | Noticed Margery
 72519 | Vaults:2 | Killed Margery
 73066 | Vaults:3 | Received a gift from Nemelex Xobeh
 73859 | Vaults:3 | Found a staircase to the Crypt.
 74649 | Vaults:4 | Noticed Saint Roka
 74875 | Vaults:4 | Killed Saint Roka
 75061 | Vaults:4 | Reached XP level 19. HP: 91/91 MP: 37/37
 75130 | Vaults:4 | Received a gift from Nemelex Xobeh
 76155 | Vaults:4 | Found Qatzischi's Antique Weapon Emporium.
 76170 | Vaults:4 | Found Piegaip's Book Shop.
 76181 | Vaults:4 | Bought a book of Summonings for 910 gold pieces
 76369 | Vaults:4 | Got a clouded bronze ring
 76370 | Vaults:4 | Identified the ring of Kefo {rElec MP+9 Dex+2 SInv} (You
                  | acquired it on level 4 of the Vaults)
 76722 | Vaults:4 | Received a gift from Nemelex Xobeh
 77157 | Vaults:4 | Found Lyrchaur's Antique Armour Shop.
 77427 | Depths:1 | Entered Level 1 of the Depths
 77803 | Depths:1 | Found a corrupted altar of Lugonu.
 78349 | Depths:1 | Found a gateway to Hell.
 78397 | Depths:1 | Reached skill level 5 in Summonings
 78578 | Depths:1 | Found a one-way gate leading to the halls of Pandemonium.
 78850 | Depths:1 | Mangled by a deep troll shaman

Skill      XL: |  1  2  3  4  5  6  7  8  9 10 11 12 13 14 15 16 17 18 19 |
---------------+----------------------------------------------------------+-----
Conjurations   | 1 2 3 4 6 7 8 9 |  9.0
Dodging        | 3 4 5 6 7 9 10 11 12 13 14 16 17 | 17.3
Fire Magic     | 3 4 5 6 7 9 |  9.0
Spellcasting   | 3 4 6 7 9 10 12 13 14 | 14.0
Fighting       | 1 3 4 6 8 9 10 11 12 13 14 | 14.8
Invocations    | 2 5 7 8 10 11 12 13 | 13.3
Hexes          | 7 8 11 | 11.8
Unarmed Combat | 4 6 9 12 14 16 17 | 17.6
Transmutations | 8 10 11 13 | 13.2
Earth Magic    | 6 8 10 | 10.6
Stealth        | 5 10 | 10.3
Translocations | 1 |  1.2
Summonings     | 1 5 |  5.3
Evocations     | |  0.6

Action                   |  1- 3 |  4- 6 |  7- 9 | 10-12 | 13-15 | 16-18 | 19-21 || total
-------------------------+-------+-------+-------+-------+-------+-------+-------++-------
Melee: Unarmed           |     3 |    34 |   342 |   176 |   698 |  2154 |   775 ||  4182
       Bite              |       |     3 |    32 |    19 |    71 |   185 |    69 ||   379
       Punch             |       |       |       |     2 |    15 |   113 |    62 ||   192
 Cast: Flame Tongue      |    24 |   108 |   232 |   288 |   522 |     4 |       ||  1178
       Throw Flame       |       |     5 |    11 |    74 |   228 |    19 |     1 ||   338
       Sticky Flame      |       |       |    53 |   138 |   252 |     5 |     1 ||   449
       Conjure Flame     |       |       |     1 |    12 |    24 |     1 |       ||    38
       Fireball          |       |       |     1 |    42 |   243 |     7 |     4 ||   297
       Confuse           |       |       |       |       |     4 |       |       ||     4
       Invisibility      |       |       |       |       |    34 |     9 |     3 ||    46
       Statue Form       |       |       |       |       |    33 |   156 |    52 ||   241
       Confusing Touch   |       |       |       |       |     1 |     1 |       ||     2
       Summon Mana Viper |       |       |       |       |       |   113 |    43 ||   156
       Blink             |       |       |       |       |       |     4 |       ||     4
Invok: Deal Four         |       |       |       |       |     1 |     9 |       ||    10
       Stack Five        |       |       |       |       |       |     1 |       ||     1
 Abil: Draw Destruction  |       |       |       |     5 |    21 |     5 |       ||    31
       Draw Summoning    |       |       |       |     1 |    15 |     6 |     3 ||    25
       Draw Escape       |       |       |       |     1 |       |     1 |       ||     2
       End Transformatio |       |       |       |       |       |     3 |       ||     3
Evoke: Wand              |       |       |       |     3 |     2 |     8 |       ||    13
       Phial of floods   |       |       |       |       |       |     1 |       ||     1
  Use: Scroll            |       |       |       |    18 |    17 |    16 |     6 ||    57
       Potion            |       |       |       |       |     5 |    12 |     6 ||    23
 Stab: Sleeping          |     2 |     2 |       |     1 |     8 |    19 |     8 ||    40
       Invisible         |       |       |       |       |    34 |    36 |     9 ||    79
       Distracted        |       |       |       |       |     1 |    18 |     4 ||    23
       Confused          |       |       |       |       |       |     2 |       ||     2
  Eat: Chunk             |     6 |     7 |    22 |    36 |   105 |   105 |    44 ||   325
       Ration            |       |       |       |       |       |     6 |       ||     6
Armor: Skin              |       |     5 |    24 |    17 |   191 |   687 |   230 ||  1154
Dodge: Dodged            |     6 |    44 |   397 |   443 |  1405 |  3636 |  1266 ||  7197
